 Dungeon Crawl Stone Soup version 0.29-a0-375-g5102b3be25 (webtiles) character file.

Game seed: 16570344741379842717

91 YayAnonymity the Chopper (level 4, -1/40 HPs)
             Began as a Hill Orc Monk on May 4, 2022.
             Killed from afar by Ijyb (10 damage)
             ... with a puff of flame
             ... on level 2 of the Dungeon.
             The game lasted 00:02:02 (2454 turns).

YayAnonymity the Chopper (Hill Orc Monk)            Turns: 2454, Time: 00:02:02

Health: -1/40      AC:  6    Str: 15    XL:     4   Next: 57%
Magic:  4/4        EV: 10    Int: 10    God:
Gold:   122        SH:  0    Dex: 13    Spells: 3/3 levels left

rFire   . . .      SeeInvis .   a - +0 hand axe
rCold   . . .      Faith    .   (no shield)
rNeg    . . .      Spirit   .   m - +0 scale mail
rPois   .          Reflect  .   (no helmet)
rElec   .          Harm     .   (no cloak)
rCorr   .          Rampage  .   (no gloves)
Will    .....                   (no boots)
Stlth   ..........              (no amulet)
HPRegen 0.13/turn               (no ring)
MPRegen 0.09/turn               (no ring)

@: no status effects
A: no striking features
a: no special abilities


You were on level 2 of the Dungeon.
You visited 1 branch of the dungeon, and saw 2 of its levels.

You collected 122 gold pieces.

Inventory:

Hand Weapons
 a - a +0 hand axe (weapon)
Armour
 j - a +0 chain mail
 m - a +0 scale mail (worn)
Wands
 o - a wand of mindburst (13)
Scrolls
 d - a scroll of amnesia {unknown}
 f - 3 scrolls of fog {unknown}
 g - 2 scrolls of identify {unknown}
 n - a scroll of teleportation {unknown}
Potions
 b - 2 potions of flight {unknown}
 c - a potion of ambrosia
 e - a potion of resistance {unknown}
 h - 4 potions of heal wounds {unknown}
 i - a potion of curing {unknown}
 k - a potion of might {unknown}
 l - a potion of attraction {unknown}


   Skills:
 + Level 3.8 Fighting
 + Level 6.5 Axes
 + Level 0.7 Armour
 + Level 2.5 Dodging
 - Level 1.5 Stealth


You had 3 spell levels left.
You didn't know any spells.
Your spell library was empty.

Dungeon Overview and Level Annotations

Branches:
Dungeon (2/15)

Altars:

Annotations:
D:2 Ijyb


Message History

The goblin is severely wounded.
You hit Ijyb but do no damage. You hit the goblin.
Ijyb zaps a wand.
The puff of flame misses you. The goblin closely misses you. x2
You hit the goblin but do no damage.
The goblin is severely wounded.
You hit Ijyb but do no damage. You hit the goblin.
You kill the goblin!
Ijyb hits you with a +0 club. The goblin hits you but does no damage.
You slash the goblin!
You kill the goblin!
You hit Ijyb but do no damage. Ijyb hits you but does no damage.
You closely miss Ijyb.
Ijyb is lightly wounded.
Ijyb hits you but does no damage.
You hit Ijyb but do no damage.
Ijyb is lightly wounded.
Ijyb zaps a wand.
The puff of flame hits you!
You are too injured to fight recklessly!
You are too injured to fight recklessly!
You are too injured to fight recklessly!
You are too injured to fight recklessly!
You hit Ijyb but do no damage.
Ijyb is lightly wounded.
Ijyb screams, "Die!"
Ijyb hits you with a +0 club.
You hit Ijyb but do no damage.
Ijyb is lightly wounded.
Ijyb hits you with a +0 club.
* * * LOW HITPOINT WARNING * * *
You hit Ijyb but do no damage.
Ijyb is lightly wounded.
Ijyb closely misses you.
You hit Ijyb.
Ijyb is lightly wounded.
Ijyb hits you with a +0 club.
* * * LOW HITPOINT WARNING * * *
You barely miss Ijyb.
Ijyb is lightly wounded.
Ijyb zaps a wand.
The puff of flame hits you!
You die...

# ##########.....#
###.#.. ###
#..!.[..####..# #.##.
..# #8.....8# #..# #.##.
#.# #.......# #..# #....
.<# #8.....8#
##..#######.. ###
#..?....# #.#....# ##. #
#8.....8####..##.# ## #
#....)))##.......# #
#8...)@8##.##.####### #
######
#....g..##.##.###...# #
......
#...............)..#.###
......
...##.##.......#...#...#
###### ##
..............#####..
###.##...#.###...#.†.#
## # ...###.####.#.###
.# ##...#............ .#
#..#.#######.####


You could see Ijyb.

Vanquished Creatures
  Terence (D:2)
  2 adders (D:2)
  A worm (D:2)
  2 dart slugs (D:2)
  4 ball pythons
  3 bats
  4 endoplasms
  10 goblins
  3 hobgoblins
  3 kobolds (D:1)
  A quokka (D:2)
  A frilled lizard (D:2)
  A rat (D:2)
36 creatures vanquished.

Vanquished Creatures (others)
  2 plants (D:1)
2 creatures vanquished.

Grand Total: 38 creatures vanquished

Notes
Turn   | Place    | Note
-------+----------+-------------------------------------------
     0 | D:1      | YayAnonymity the Hill Orc Monk began the quest for the Orb.
     0 | D:1      | Reached XP level 1. HP: 19/19 MP: 1/1
   316 | D:1      | Reached XP level 2. HP: 20/26 MP: 2/2
   561 | D:1      | Found a faded altar of an unknown god.
   572 | D:1      | Reached skill level 5 in Axes
  1493 | D:2      | Reached XP level 3. HP: 31/31 MP: 3/3
  1505 | D:2      | Noticed Terence
  1523 | D:2      | Killed Terence
  1524 | D:2      | Reached skill level 6 in Axes
  1832 | D:2      | Reached XP level 4. HP: 39/39 MP: 4/4
  2434 | D:2      | Noticed Ijyb
  2454 | D:2      | Killed from afar by Ijyb

Illustrated notes

Levels and vault maps discovered:
D:1:      mrwooster_arrival_arrow, layout_loops_ring,
          shapermc_ecumenical_altar_mp_ritualfount
D:2:      kennysheep_the_goblin_king, layout_loops_ring, st_stairs_5,
          kennysheep_boxes, uniq_terence

Skill      XL: |  1  2  3 |
---------------+----------+-----
Axes           | 5 6 |  6.5
Fighting       | |  3.8
Armour         | |  0.7
Dodging        | |  2.5
Stealth        | |  1.5

Action                   |  1- 3 |  4- 6 || total
-------------------------+-------+-------++-------
Melee: Hand axe          |    99 |    56 ||   155
       Punch             |       |     1 ||     1
 Stab: Sleeping          |     1 |       ||     1
Armor: Robe              |    15 |       ||    15
       Ring mail         |    10 |       ||    10
       Scale mail        |     4 |    20 ||    24
Dodge: Dodged            |    53 |    31 ||    84

Table legend: (Time is in decaauts)
 A = Elapsed time spent in this place.
 B = Non-inter-level travel time spent in this place.
 C = Inter-level travel time spent in this place.
 D = Time resting spent in this place.
 E = Time spent auto-exploring this place.
 F = Levels seen in this place.
 G = Mean time per level.
                   A        B        C        D        E       F      G
               +--------+--------+--------+--------+--------+-----+--------+
         Total |   2475 |   2433 |     42 |    256 |   1851 |   2 | 1237.5 |
       Dungeon |   2475 |   2433 |     42 |    256 |   1851 |   2 | 1237.5 |
               +--------+--------+--------+--------+--------+-----+--------+

Top non-repeatable levels by time:
     D:1: 1417 daAuts
     D:2: 1057 daAuts
